 Dungeon Crawl Stone Soup version 0.29-a0-314-gb00dd7cb4b (webtiles) character file.

Game seed: 16883160766052538371

677 GameOver the Conjurer (level 7, 55/55 HPs)
             Began as a Naga Hedge Wizard on Feb 11, 2022.
             Got out of the dungeon alive.
             The game lasted 00:27:11 (5027 turns).

GameOver the Conjurer (Naga Hedge Wizard)           Turns: 5027, Time: 00:27:12

Health: 55/55      AC:  6    Str: 12    XL:     7   Next: 60%
Magic:  11/11      EV: 13    Int: 17    God:
Gold:   167        SH:  0    Dex: 10    Spells: 2/12 levels left

rFire   . . .      SeeInvis +   v - +2 quarterstaff (chaos)
rCold   . . .      Faith    .   (shield currently unavailable)
rNeg    + . .      Spirit   .   b - +0 robe
rPois   +          Reflect  .   a - +0 helmet
rElec   .          Harm     .   t - +1 cloak
rCorr   .          Rampage  .   (no gloves)
Will    .....                   (no barding)
Stlth   ++........              (no amulet)
HPRegen 0.18/turn               o - +4 ring of evasion
MPRegen 0.12/turn               z - ring of positive energy

@: very slow
A: AC +2, large, see invisible, deformed body, poison resistance, slowness 2,
spit poison 1, naga tail 1
a: Spit Poison


You escaped.
You visited 1 branch of the dungeon, and saw 5 of its levels.

You collected 167 gold pieces.

Inventory:

Hand Weapons
 d - a +2 vampiric hand axe
 l - a +0 quarterstaff
 v - a +2 quarterstaff of chaos (weapon)
 w - a +1 dagger of speed
 y - a +0 rapier
 D - a +1 vorpal trident
Missiles
 i - a throwing net
Armour
 a - a +0 helmet (worn)
 b - a +0 robe (worn)
 t - a +1 cloak (worn)
Jewellery
 o - a +4 ring of evasion (left hand)
 z - a ring of positive energy (right hand)
Wands
 p - a wand of paralysis (5)
 C - a wand of polymorph (11)
Scrolls
 c - a scroll of teleportation
 e - 3 scrolls of fog
 f - 2 scrolls of blinking
 g - a scroll of immolation {unknown}
 h - 2 scrolls of summoning
 q - a scroll of noise {unknown}
 x - a scroll of enchant weapon {unknown}
 A - a scroll of amnesia {unknown}
 B - a scroll of enchant armour
Potions
 j - a potion of curing
 k - a potion of resistance
 m - a potion of berserk rage
 n - a potion of invisibility {unknown}
 r - a potion of heal wounds {unknown}
 s - a potion of ambrosia {unknown}
 u - 2 potions of haste


   Skills:
 - Level 1.5 Dodging
 + Level 4.4 Stealth
 - Level 3.0 Spellcasting
 - Level 6.0 Conjurations
 - Level 1.0 Summonings
 - Level 1.0 Translocations
 * Level 2.6 Earth Magic
 + Level 4.9 Poison Magic


You had 2 spell levels left.
You knew the following spells:

 Your Spells              Type           Power      Damage    Failure   Level
a - Magic Dart            Conj           88%        1d7       1%          1
b - Blink                 Tloc           10%        N/A       17%         2
d - Mephitic Cloud        Conj/Pois/Air  14%        N/A       12%         3
p - Apportation           Tloc           10%        N/A       12%         1
s - Stone Arrow           Conj/Erth      34%        3d9       9%          3

Your spell library contained the following spells:

 Spells                   Type           Power      Damage    Failure   Level
 Sandblast                Erth           22%        2d7       6%          1
 Summon Small Mammal      Summ           20%        N/A       12%         1
 Passwall                 Tmut/Erth      5%         N/A       16%         2
 Animate Skeleton         Necr           4%         N/A       17%         1
 Slow                     Hex            8%         N/A       17%         1
 Call Imp                 Summ           5%         N/A       17%         2
 Conjure Flame            Conj/Fire      12%        6-21      16%         3


Dungeon Overview and Level Annotations

Branches:
Dungeon (5/15)
 Temple: D:4-7

Altars:
Hepliaklqana
Okawaru
Trog


Innate Abilities, Weirdness & Mutations

Your serpentine skin is tough. (AC +2)
You have supernaturally acute eyesight. (SInv)
Armour fits poorly on your strangely shaped body.
Your system is resistant to poisons. (rPois)
You cover ground very slowly.
You can spit poison.
You have a snake-like lower body.


Message History

There is a stone staircase leading up here.
You climb upwards.
There is a stone staircase leading down here.
(D) Dungeon
Where to? (Enter - D:1, ? - help)
What level of the Dungeon? (default 1, ? - help) You're already here!
Saving game... please wait.
Welcome back, GameOver the Naga Hedge Wizard.
Press ? for a list of commands and other information.
(D) Dungeon
Where to? (? - help)
You climb downwards.
There is a stone staircase leading up here.
You see here a +0 short sword.
There is an open door here.
There is an open translucent door, spattered with blood here.
You see here a +0 cloak of poison resistance.
Done exploring.
(D) Dungeon
Where to? (Enter - D:2, ? - help)
There is an open translucent door, spattered with blood here.
You see here a +0 cloak of poison resistance.
There is an open door here.
There is a stone staircase leading down here.
You climb downwards.
There is a stone staircase leading up here.
(D) Dungeon
Where to? (Enter - D:3, ? - help)
What level of the Dungeon? (default 1, ? - help)
You climb upwards.
There is a stone staircase leading down here.
There is an open door here.
There is a stone staircase leading up here.
You climb upwards.
There is a stone staircase leading down here.
There is an open door here.
There is a staircase leading out of the dungeon here.
Are you sure you want to leave the Dungeon?
This will make you lose the game!
You have escaped!

###+##.............######........
#..............###.##............
#.........[........##.####)......
#................................
#........#####..................8
#............##≈≈#'.#.####.......
#......#...(.#....#.#.# #.......
#......#.....≈....≈.#.# ###.....
#......#.....≈.⌠@.≈.#)# #.....
#.....†#....§≈....≈.#.# #.....
######.#..§§§#....#.#.# #....8
#.###≈§###≈≈####.# #.....
#..#....#.....##.# #.....
#..≈....≈.....##.# #...##
#..≈..⌠§§.(...##.# #####
#..≈....≈.....##.# #
#..#....#.....##†# #


There were no monsters in sight!

Vanquished Creatures
  An ogre (D:4)
  A phantom (D:4)
  A wyvern zombie (D:5)
  A scorpion (D:5)
  A howler monkey (D:4)
  Crazy Yiuf (D:2)
  A jelly (D:5)
  An orc priest (D:5)
  A bullfrog skeleton (D:4)
  Natasha (twice) (D:2)
  A hound zombie (D:5)
  3 gnolls (D:5)
  4 adders
  A shadow imp (D:4)
  A worm (D:5)
  3 dart slugs
  8 orcs
  4 bats
  5 endoplasms
  3 giant cockroaches
  2 goblins
  3 hobgoblins
  18 jackals
  9 kobolds
  3 quokkas
  3 training dummies (D:5)
  10 ball pythons
  4 frilled lizards
  3 rats (D:2)
99 creatures vanquished.

Vanquished Creatures (others)
  7 plants (D:2)
7 creatures vanquished.

Grand Total: 106 creatures vanquished

Notes
Turn   | Place    | Note
-------+----------+-------------------------------------------
     0 | D:1      | GameOver the Naga Hedge Wizard began the quest for the Orb.
     0 | D:1      | Reached XP level 1. HP: 15/15 MP: 4/4
     0 | D:1      | Upgraded the game from 0.29-a0-96-g93358da72b to
                  | 0.29-a0-121-g8efb068a30
   310 | D:1      | Reached skill level 2 in Conjurations
   310 | D:1      | Reached XP level 2. HP: 15/22 MP: 6/6
   788 | D:1      | Reached XP level 3. HP: 28/28 MP: 4/7
   794 | D:1      | Learned a level 2 spell: Blink
   801 | D:1      | Learned a level 3 spell: Mephitic Cloud
   803 | D:1      | Learned a level 1 spell: Apportation
   909 | D:1      | Reached skill level 3 in Conjurations
  1323 | D:2      | Noticed Natasha
  1327 | D:2      | Killed Natasha
  1328 | D:2      | Reached XP level 4. HP: 25/36 MP: 4/8
  1425 | D:2      | Reached skill level 4 in Conjurations
  1468 | D:2      | Found a runed translucent door.
  1627 | D:2      | Found a faded altar of an unknown god.
  1952 | D:2      | Noticed Natasha
  1959 | D:2      | Killed Natasha
  1960 | D:2      | Reached skill level 1 in Poison Magic
  1960 | D:2      | Reached XP level 5. HP: 33/42 MP: 4/9
  2146 | D:2      | Noticed Crazy Yiuf
  2496 | D:3      | Found an iron altar of Okawaru.
  2618 | D:3      | Learned a level 3 spell: Stone Arrow
  2748 | D:3      | Found a hazy altar of Hepliaklqana.
  2749 | D:3      | Found a bloodstained altar of Trog.
  2956 | D:2      | Killed Crazy Yiuf
  3126 | D:4      | Reached skill level 5 in Conjurations
  3249 | D:4      | Reached XP level 6. HP: 49/49 MP: 2/10
  3575 | D:4      | Reached skill level 6 in Conjurations
  3779 | D:4      | Reached XP level 7. HP: 48/55 MP: 8/11
  3896 | D:5      | Entered Level 5 of the Dungeon
  3901 | D:5      | Reached skill level 1 in Earth Magic
  4180 | D:5      | Found Koppuim's Firing Range.
  4845 | D:1      | Upgraded the game from 0.29-a0-121-g8efb068a30 to
                  | 0.29-a0-314-gb00dd7cb4b
  5027 | D:$      | Got out of the dungeon alive.

Illustrated notes

Levels and vault maps discovered:
D:1:      dpeg_arrival_rooms_with_view, layout_basic, st_stairs_1,
          minmay_tromino_v4_c
D:2:      minmay_angry_zag, layout_basic,
          dreamdust_ecumenical_altar_sealed_demon, serial_bayou_ford_a,
          uniq_natasha, uniq_crazy_yiuf_cottage
D:3:      layout_rooms, gammafunk_temple_overflow_statue,
          mainiacjoe_overflow_paths
D:4:      layout_basic
D:5:      layout_basic, minmay_temple_entry_wispy, nicolae_shop_firing_range

Skill      XL: |  1  2  3  4  5  6  7 |
---------------+----------------------+-----
Conjurations   | 2 3 4 5 6 |  6.0
Poison Magic   | 1 2 4 |  4.9
Earth Magic    | 2 |  2.6
Stealth        | 4 |  4.4
Dodging        | |  1.5
Spellcasting   | |  3.0
Summonings     | |  1.0
Translocations | |  1.0

Action                   |  1- 3 |  4- 6 |  7- 9 || total
-------------------------+-------+-------+-------++-------
Melee: Hand axe          |    20 |    13 |       ||    33
       Punch             |     1 |     2 |       ||     3
       Quarterstaff      |       |    12 |    16 ||    28
       Dagger            |       |     7 |       ||     7
 Cast: Magic Dart        |    47 |    67 |    21 ||   135
       Mephitic Cloud    |       |     2 |       ||     2
       Stone Arrow       |       |       |    11 ||    11
 Abil: Spit Poison       |    31 |    31 |    16 ||    78
Evoke: Wand              |       |     2 |     1 ||     3
  Use: Potion            |       |     2 |       ||     2
       Scroll            |       |       |     7 ||     7
 Stab: Paralysed         |       |     7 |     1 ||     8
       Sleeping          |       |     1 |       ||     1
Armor: Robe              |    10 |    10 |     3 ||    23
Dodge: Dodged            |    16 |    20 |    10 ||    46

Table legend: (Time is in decaauts)
 A = Elapsed time spent in this place.
 B = Non-inter-level travel time spent in this place.
 C = Inter-level travel time spent in this place.
 D = Time resting spent in this place.
 E = Time spent auto-exploring this place.
 F = Levels seen in this place.
 G = Mean time per level.
                   A        B        C        D        E       F      G
               +--------+--------+--------+--------+--------+-----+--------+
         Total |   6226 |   5448 |    778 |    392 |   4077 |   5 | 1245.2 |
       Dungeon |   6226 |   5448 |    778 |    392 |   4077 |   5 | 1245.2 |
               +--------+--------+--------+--------+--------+-----+--------+

Top non-repeatable levels by time:
     D:2: 2032 daAuts
     D:1: 1418 daAuts
     D:5: 1029 daAuts
     D:4: 997 daAuts
     D:3: 748 daAuts
